 Dungeon Crawl Stone Soup version 0.21.1-1-g345015f (webtiles) character file.

68 Hasart the Covered (level 4, -2/42 HPs)
             Began as a Deep Dwarf Fighter on Apr 7, 2018.
             Slain by a gnoll
             ... wielding a +0 spear
              (5 damage)
             ... on level 2 of the Dungeon.
             The game lasted 00:01:41 (1130 turns).

Hasart the Covered (Deep Dwarf Fighter)             Turns: 1130, Time: 00:01:42

Health: -2/42      AC:  7    Str: 20    XL:     4   Next: 1%
Magic:  4/4        EV:  8    Int:  8    God:
Gold:   65         SH:  9    Dex: 13    Spells: 3/3 levels left

rFire    . . .     SeeInvis .   a - +0 long sword
rCold    . . .     Gourm    .   c - +0 shield
rNeg     . . .     Faith    .   b - +0 scale mail
rPois    .         Spirit   .   (no helmet)
rElec    .         Reflect  .   (no cloak)
rCorr    .         Harm     .   (no gloves)
MR       .....                  (no boots)
Stlth    ..........             (no amulet)
HPRegen  0.00/turn              (no ring)
MPRegen  0.09/turn              (no ring)

@: non-regenerating
A: damage resistance, heal wounds, sense surroundings 1, no regeneration
a: Heal Wounds


You were on level 2 of the Dungeon.
You were not hungry.

You visited 1 branch of the dungeon, and saw 2 of its levels.

You collected 65 gold pieces.

Inventory:

Hand Weapons
 a - a +0 long sword (weapon)
Armour
 b - a +0 scale mail (worn)
 c - a +0 shield (worn)
Scrolls
 e - a scroll of remove curse {unknown}
 g - 2 scrolls of identify {unknown}
 l - a scroll of teleportation {unknown}
 m - a scroll of immolation {unknown}
 n - a scroll of fear {unknown}
Potions
 d - a potion of might
 h - a potion of curing {unknown}
 i - 2 potions of degeneration {unknown}
 j - a potion of resistance {unknown}
Comestibles
 f - 2 rations
 k - 9 chunks of flesh


   Skills:
 + Level 3.0 Fighting
 * Level 2.9 Long Blades
 + Level 3.7 Armour
 + Level 1.3 Dodging
 + Level 3.7 Shields


You had 3 spell levels left.
You didn't know any spells.

Dungeon Overview and Level Annotations

Branches:
Dungeon (2/15)

Altars:


Innate Abilities, Weirdness & Mutations

You are resistant to damage.
You can heal yourself by infusing magical energy.
You passively map a small area around you.
You do not regenerate.


Message History

You block the gnoll's attack.
Things that are here:
a whip; a gnoll corpse Your scale mail prevents you from hitting the gnoll.
The gnoll hits you with a spear.
* * * LOW HITPOINT WARNING * * *
The gnoll hits you with a spear.
You hit the gnoll but do no damage. You block the gnoll's attack.
You hit the gnoll.
The gnoll is lightly wounded.
You block the gnoll's attack.
You hit the gnoll.
The gnoll is moderately wounded.
The gnoll hits you with a spear!
* * * LOW HITPOINT WARNING * * *
The gnoll hits you with a spear.
You slash the gnoll!
The gnoll is almost dead.
The gnoll hits you with a spear.
You die...

#.#.# #.....# * *
#.#'####.....# , .. ,
#......#.....# #... *
#....#.#h....#
#....#####+#.......J....#
*#....#......#####h##+####
............#..........?.
,
..####......#g#....#.....
, ., * #......#@#.####
.... , ... * #......#.#.#*
... ....######.#....#.. ..
............#..##### .# .*
.....##........######.#
.., #.######........# *
#., #.# #........# ,,
###..##.######........# .
.................>....#..


You could see a gnoll.

Vanquished Creatures
  2 gnolls (D:2)
  An ooze (D:2)
  2 dart slugs
  A leopard gecko (D:1)
  7 bats
  3 giant cockroaches (D:1)
  5 goblins
  2 hobgoblins (D:1)
  6 jackals (D:2)
  A quokka (D:2)
  4 frilled lizards
  2 kobolds
  A rat (D:1)
37 creatures vanquished.

Notes
Turn   | Place    | Note
-------+----------+-------------------------------------------
     0 | D:1      | Hasart the Deep Dwarf Fighter began the quest for the Orb.
     0 | D:1      | Reached XP level 1. HP: 20/20 MP: 1/1
   311 | D:1      | Reached XP level 2. HP: 27/27 MP: 2/2
   898 | D:2      | Reached skill level 1 in Dodging
   898 | D:2      | Reached XP level 3. HP: 24/33 MP: 3/3
  1124 | D:2      | Reached XP level 4. HP: 13/42 MP: 4/4
  1130 | D:2      | Slain by a gnoll

Skill      XL: |  1  2  3 |
---------------+----------+-----
Dodging        | 1 |  1.3
Fighting       | 3 |  3.0
Long Blades    | |  2.9
Armour         | |  3.7
Shields        | |  3.7

Action                   |  1- 3 |  4- 6 || total
-------------------------+-------+-------++-------
Melee: Long sword        |   110 |     5 ||   115
  Eat: Chunk             |     1 |       ||     1
Armor: Scale mail        |    77 |       ||    77
Dodge: Dodged            |    42 |       ||    42
Block: Shield            |    83 |     4 ||    87
       Rpst.: Long sword |    11 |       ||    11
